 Dungeon Crawl Stone Soup version 0.25-a0-404-gc1b5a34292 (webtiles) character file.

Game seed: 1455246025182798064, levelgen mode: deterministic

91 LSt the Firebug (level 4, -7/24 HPs)
             Began as a Deep Elf Fire Elementalist on Jan 11, 2020.
             Killed from afar by an orc wizard (10 damage)
             ... with a puff of frost
             ... on level 3 of the Dungeon on Jan 12, 2020.
             The game lasted 00:18:04 (3201 turns).

LSt the Firebug (Deep Elf Fire Elementalist)        Turns: 3201, Time: 00:18:05

Health: -7/24      AC:  2    Str: 10    XL:     4   Next: 33%
Magic:  1/10       EV: 18    Int: 21    God:
Gold:   152        SH:  0    Dex: 20    Spells: 2/9 levels left

rFire    . . .     SeeInvis .   k - +0 club
rCold    . . .     Gourm    .   (no shield)
rNeg     . . .     Faith    .   a - +0 robe
rPois    .         Spirit   .   (no helmet)
rElec    .         Reflect  .   (no cloak)
rCorr    .         Harm     .   (no gloves)
MR       .....                  (no boots)
Stlth    +++.......             (no amulet)
HPRegen  0.08/turn              (no ring)
MPRegen  0.12/turn              (no ring)

@: mighty, agile
A: no striking features
a: no special abilities


You were on level 3 of the Dungeon.
You were not hungry.

You visited 1 branch of the dungeon, and saw 3 of its levels.

You collected 152 gold pieces.

Inventory:

Hand Weapons
 d - a +0 hunting sling
 i - a +0 short sword
 k - a +0 club (weapon)
Missiles
 e - 11 stones (quivered)
 l - 80 arrows
 z - 15 boomerangs
Armour
 a - a +0 robe (worn)
 u - a +0 leather armour
Jewellery
 q - an uncursed ring of ice {unknown}
 r - a cursed -3 ring of dexterity {unknown}
Scrolls
 b - a scroll of fog
 f - a scroll of identify {unknown}
 m - 2 scrolls of remove curse {unknown}
 p - a scroll of teleportation {unknown}
 x - 2 scrolls of fear {unknown}
 y - a scroll of random uselessness {unknown}
 A - a scroll of blinking {unknown}
Potions
 g - 2 potions of agility
 h - a potion of curing {unknown}
 j - a potion of haste {unknown}
 n - 2 potions of invisibility {unknown}
 o - a potion of heal wounds {unknown}
 s - a potion of magic {unknown}
 t - a potion of lignification {unknown}
 v - 2 potions of might
 w - a potion of degeneration {unknown}
Comestibles
 c - 4 rations
 B - 2 chunks of flesh


   Skills:
 - Level 2.4 Dodging
 - Level 2.4 Stealth
 - Level 3.0 Spellcasting
 + Level 3.3 Conjurations
 + Level 4.6 Fire Magic


You had 2 spell levels left.
You knew the following spells:

 Your Spells              Type           Power        Failure   Level  Hunger
a - Foxfire               Conj/Fire      ###.         2%          1    None
b - Conjure Flame         Conj/Fire      ###.....     8%          3    ###....
c - Inner Flame           Hex/Fire       ##......     16%         3    ###....

Your spell library contained the following spells:

 Spells                   Type           Power        Failure   Level  Hunger
 Sticky Flame             Conj/Fire      ###.....     26%         4    ####...
 Fireball                 Conj/Fire      ###.......   56%         5    ######.


Dungeon Overview and Level Annotations

Branches:
Dungeon (3/15)

Altars:


Message History

The puff of frost hits you!
* * * LOW HITPOINT WARNING * * *
Press: ? - help, v - describe, . - travel The floor.
Press: ? - help, v - describe, . - travel
Here: an orc wizard, wielding a +0 dagger and wearing a +0 robe (fast)
The floor.
Okay, then.
Okay, then.
Press: ? - help, v - describe, . - travel
Here: an orc wizard, wielding a +0 dagger and wearing a +0 robe (fast)
The floor.
It was a potion of agility.
You feel agile all of a sudden. The orc wizard barely misses you.
It was a potion of might.
You feel very mighty all of a sudden. The orc wizard casts a spell at you.
The puff of frost hits you!
You die...

...##...###.# #.##.#
#.........#.## #.##.#
###....##)...## #.##.#
....>### ##...# #.#..#
###.## #.#.####.#.##
###.#######.#....#.#.#
.....÷.).............#
###.#######.####...#.#
#.# #.# #@o..÷# ..#
###.####o###.# ....
.............# ..###
##...........# ##
#..........###
#..........#
#.....)....#
...........#
...........#


You could see an orc wizard and an orc.

Vanquished Creatures
  An adder (D:3)
  A dart slug (D:1)
  2 leopard geckos
  7 orcs
  5 bats
  2 giant cockroaches (D:3)
  6 goblins
  6 hobgoblins
  8 jackals
  9 kobolds
  2 quokkas (D:2)
  A ball python (D:2)
  2 frilled lizards
  12 rats
64 creatures vanquished.

Vanquished Creatures (others)
  143 foxfires
143 creatures vanquished.

Grand Total: 207 creatures vanquished

Notes
Turn   | Place    | Note
-------+----------+-------------------------------------------
     0 | D:1      | LSt the Deep Elf Fire Elementalist began the quest for the
                  | Orb.
     0 | D:1      | Reached XP level 1. HP: 10/10 MP: 6/6
   235 | D:1      | Reached XP level 2. HP: 15/15 MP: 6/8
   602 | D:1      | Reached skill level 4 in Fire Magic
   840 | D:1      | Reached XP level 3. HP: 19/19 MP: 6/9
  1215 | D:2      | Learned a level 3 spell: Conjure Flame
  1219 | D:2      | Learned a level 3 spell: Inner Flame
  2683 | D:3      | Reached XP level 4. HP: 24/24 MP: 6/10
  3201 | D:3      | Killed from afar by an orc wizard

Levels and vault maps discovered:
D:1:      nzn_arrival_settlement, layout_loops_ring
D:2:      layout_basic, corner_web_ring
D:3:      layout_rooms, hangedman_decor_lopped, columned_hall_lemuel

Skill      XL: |  1  2  3 |
---------------+----------+-----
Conjurations   | 2 3 |  3.3
Fire Magic     | 4 |  4.6
Dodging        | |  2.4
Stealth        | |  2.4
Spellcasting   | |  3.0

Action                   |  1- 3 |  4- 6 || total
-------------------------+-------+-------++-------
Melee: Unarmed           |     3 |       ||     3
       Club              |     5 |     4 ||     9
Throw: Stone             |     1 |       ||     1
 Cast: Foxfire           |    60 |    31 ||    91
       Inner Flame       |       |     1 ||     1
  Use: Scroll            |     1 |       ||     1
       Potion            |       |     2 ||     2
  Eat: Chunk             |     5 |     2 ||     7
Armor: Robe              |     4 |     2 ||     6
Dodge: Dodged            |    11 |    13 ||    24

Table legend:
 A = Non-vault XP
 B = Vault XP
 C = Vault XP percentage of total XP
 D = Non-vault monster count
 E = Vault monster count
 F = Vault count percentage of total count
                 A         B        C        D         E       F
            +---------+---------+-------+---------+---------+-------
      Total |     130 |       0 |   0.0 |      64 |       0 |   0.0
            +---------+---------+-------+---------+---------+-------
        D:1 |      48 |       0 |   0.0 |      27 |       0 |   0.0
        D:2 |      32 |       0 |   0.0 |      18 |       0 |   0.0
        D:3 |      50 |       0 |   0.0 |      19 |       0 |   0.0
            +---------+---------+-------+---------+---------+-------
